Map: Galactic Process LE

Players

OhrlRokK

  • Race: Protoss Protoss
  • League: Diamond

Timing - Winner!

  • Race: Terran Terran
  • League: Diamond

VOD

Have the link to the VOD?

Description

Time

  • Played on: Aug. 1, 2016, 12:29 a.m.
  • Length: 12:15
Show
View Real Time Build Order
Export as new Build Order

OhrlRokK Protoss 

Build Orders: 1 Gate Expand 

Get SALT Encoding   

  12  0:01  Probe (Chrono Boost)  
  13  0:20  Pylon  
  13  0:21  Probe (Chrono Boost)  
  14  0:32  Probe (Chrono Boost)  
  16  0:42  Probe (Chrono Boost)  
  16  0:45  Gateway  
  16  0:53  Probe (Chrono Boost)  
  16  0:55  Assimilator  
  17  1:04  Probe (Chrono Boost)  
  18  1:14  Probe (Chrono Boost)  
  19  1:25  Probe (Chrono Boost)  
  20  1:32  Nexus  
  20  1:41  Cybernetics Core  
  20  1:47  Probe (Chrono Boost)  
  20  1:49  Assimilator  
  21  1:58  Pylon  
  21  2:01  Probe (Chrono Boost)  
  22  2:11  Probe (Chrono Boost)  
  23  2:18  Adept  
  23  2:20  Warp Gate  
  25  2:32  Mothership Core (Chrono Boost)  
  27  3:00  Probe x2 (Chrono Boost)  
  29  3:08  Twilight Council  
  29  3:11  Probe (Chrono Boost)  
  29  3:12  Probe (Chrono Boost), Robotics Facility  
  31  3:20  Pylon  
  31  3:26  Probe (Chrono Boost)  
  32  3:27  Probe (Chrono Boost)  
  33  3:38  Probe (Chrono Boost)  
  33  3:40  Probe (Chrono Boost)  
  35  3:48  Probe (Chrono Boost)  
  35  3:51  Pylon  
  36  3:57  Resonating Glaives  
  36  4:01  Gateway  
  36  4:03  Gateway  
  36  4:06  Pylon  
  36  4:07  Observer  
  37  4:10  Probe x2 (Chrono Boost)  
  39  4:21  Probe (Chrono Boost)  
  41  4:31  Probe (Chrono Boost)  
  41  4:34  Probe (Chrono Boost), Pylon  
  41  4:36  Immortal  
  46  4:45  Dark Shrine  
  46  4:46  Probe (Chrono Boost)  
  46  4:50  Probe (Chrono Boost)  
  48  4:56  Probe (Chrono Boost)  
  49  5:00  Probe (Chrono Boost)  
  50  5:08  Probe (Chrono Boost)  
  50  5:09  Forge  
  50  5:11  Probe (Chrono Boost)  
  52  5:17  Nexus  
  52  5:20  Probe (Chrono Boost)  
  53  5:21  Probe (Chrono Boost)  
  53  5:22  Blink  
  53  5:25  Pylon  
  54  5:30  Pylon  
  54  5:31  Assimilator  
  54  5:32  Probe (Chrono Boost)  
  54  5:33  Assimilator  
  55  5:43  Adept x3  
  55  5:48  Gateway  
  61  5:50  Gateway  
  61  5:54  Gateway  
  59  5:58  Gateway  
  57  6:16  Protoss Ground Armor Level 1  
  57  6:18  Pylon  
  57  6:20  Nexus, Pylon  
  57  6:22  Pylon  
  57  6:30  Warp Prism  
  59  6:39  Pylon  
  59  6:41  Pylon  
  59  6:46  Probe (Chrono Boost)  
  61  6:48  Probe (Chrono Boost)  
  61  6:53  Adept x3  
  67  6:54  Sentry  
  67  6:55  Sentry  
  67  7:01  Probe (Chrono Boost)  
  73  7:02  Probe (Chrono Boost)  
  73  7:05  Stalker x2  
  77  7:11  Probe (Chrono Boost)  
  77  7:14  Probe (Chrono Boost)  
  79  7:22  Probe (Chrono Boost)  
  80  7:25  Gateway x2  
  80  7:26  Probe (Chrono Boost)  
  80  7:28  Pylon  
  81  7:33  Pylon  
  81  7:34  Probe (Chrono Boost)  
  83  7:38  Probe (Chrono Boost)  
  83  7:39  Photon Cannon  
  83  7:40  Photon Cannon  
  83  7:41  Photon Cannon  
  83  7:45  Dark Templar  
  83  7:46  Probe (Chrono Boost)  
  83  7:47  Dark Templar  
  83  7:50  Probe (Chrono Boost)  
  83  7:51  Dark Templar  
  91  7:55  Photon Cannon  
  71  8:14  Adept x2  
  71  8:15  Adept x2  
  63  8:28  Dark Templar x2  
  63  8:29  Dark Templar  
  63  8:33  Probe x2 (Chrono Boost)  
  71  8:35  Probe (Chrono Boost), Assimilator  
  71  8:41  Assimilator  
  71  8:48  Dark Templar x4  
  64  9:09  Stalker x4  
  71  9:21  Archon  
  71  9:22  Archon  
  71  9:23  Archon  
  71  9:31  Archon  
  71  9:32  Probe x2 (Chrono Boost)  
  71  9:33  Probe (Chrono Boost)  
  71  9:36  Adept x2  
  78  9:48  Probe x2 (Chrono Boost)  
  78  9:49  Probe (Chrono Boost)  
  78  9:50  Pylon  
  78  9:52  Pylon  
  81  9:58  Probe (Chrono Boost)  
  82  10:01  Probe (Chrono Boost)  
  82  10:06  Stalker  
  82  10:07  Stalker x3  
  91  10:17  Adept x4  
  67  10:43  Adept x3  
  67  10:44  Adept x6  
  79  10:53  Probe (Chrono Boost)  
  79  10:54  Probe (Chrono Boost)  
  81  11:04  Robotics Bay  
  81  11:09  Stalker x2  
  82  11:33  Pylon  
  74  11:49  Adept  
  74  11:54  Adept x8  
Show
View Real Time Build Order
Export as new Build Order

Timing Terran - Winner!

Build Orders: Reaper Expand, MMM Bio 

Get SALT Encoding   

  12  0:01  SCV  
  13  0:13  SCV  
  14  0:17  Supply Depot  
  14  0:25  SCV  
  15  0:39  SCV  
  15  0:40  Barracks  
  16  0:44  Refinery  
  16  0:51  SCV  
  17  1:03  SCV  
  18  1:15  SCV  
  19  1:27  Orbital Command  
  19  1:28  Reaper  
  20  1:41  Command Center  
  20  1:54  Barracks  
  20  1:55  SCV  
  20  2:01  Barracks Reactor  
  21  2:06  Supply Depot  
  21  2:08  SCV  
  22  2:20  SCV  
  23  2:24  Factory  
  23  2:26  Refinery  
  23  2:32  SCV  
  24  2:39  Marine x2  
  26  2:45  SCV  
  26  2:49  Barracks Tech Lab  
  26  2:54  Orbital Command  
  26  2:57  Marine x2  
  28  2:59  SCV  
  29  3:09  Starport  
  29  3:13  SCV  
  29  3:16  Marine x3  
  29  3:18  Factory Reactor  
  33  3:22  SCV  
  33  3:25  SCV  
  35  3:30  Stimpack  
  35  3:34  Marine x3  
  35  3:37  SCV  
  35  3:39  SCV  
  40  3:43  Supply Depot  
  40  3:50  SCV  
  40  3:51  SCV  
  40  3:55  Marine x3  
  42  4:01  Supply Depot  
  45  4:05  Medivac  
  45  4:06  Medivac  
  45  4:08  SCV x2  
  51  4:15  Engineering Bay  
  51  4:16  Marine x2  
  53  4:17  Marine  
  53  4:23  SCV x2  
  56  4:40  Marine x3  
  56  4:42  SCV x2  
  56  4:45  Missile Turret  
  61  4:52  Missile Turret  
  61  4:55  SCV  
  61  4:57  Factory Reactor  
  62  5:16  Supply Depot  
  62  5:18  Supply Depot  
  62  5:30  Combat Shields  
  62  5:37  Marine x3, Medivac x2  
  62  5:38  SCV  
  62  5:40  SCV, Supply Depot  
  62  5:42  Supply Depot  
  69  5:50  SCV  
  69  5:53  SCV, Widow Mine x2  
  75  6:02  SCV, Command Center  
  69  6:08  Marine  
  69  6:09  Marine, Marauder  
  65  6:16  SCV x2  
  66  6:18  Refinery  
  66  6:20  Refinery  
  66  6:24  Barracks  
  66  6:26  Engineering Bay  
  66  6:28  Widow Mine x2  
  66  6:30  Marine x2  
  66  6:31  Marauder  
  74  6:36  Medivac x2  
  79  6:40  SCV x2  
  80  6:51  Marine x2  
  80  6:52  Marauder  
  80  6:53  Concussive Shells  
  84  6:57  Terran Infantry Weapons Level 1  
  84  6:58  Terran Infantry Armor Level 1  
  84  7:02  Liberator  
  84  7:04  Barracks  
  84  7:05  Barracks  
  84  7:14  Widow Mine x2  
  88  7:17  Orbital Command  
  91  7:25  Marine x2  
  91  7:26  Barracks Reactor  
  91  7:27  Marauder  
  91  7:28  SCV x2  
  97  7:37  Supply Depot  
  97  7:38  Supply Depot x2  
  97  7:56  Barracks Tech Lab  
  97  7:57  Barracks Tech Lab  
  97  7:59  SCV x2  
  97  8:01  Marine x2  
  97  8:02  Marauder  
  97  8:03  Marine x2  
  102  8:18  Barracks Tech Lab  
  101  8:23  Marauder  
  102  8:35  Marine x4  
  102  8:36  Orbital Command  
  102  8:37  Barracks Tech Lab  
  102  8:39  SCV x2  
  103  8:45  Marauder  
  103  8:47  Marine  
  100  8:51  SCV  
  99  8:56  Marine x3  
  99  8:57  Marauder  
  103  9:03  Medivac x2  
  103  9:04  Marine  
  103  9:06  Marine, Marauder  
  107  9:13  SCV x2  
  107  9:15  Liberator x2  
  109  9:19  Marine x2, Marauder  
  109  9:22  Widow Mine x2  
  116  9:24  Marauder  
  116  9:27  Marauder  
  116  9:29  Missile Turret  
  118  9:34  Bunker  
  118  9:35  Armory  
  118  9:38  Marine x3  
  126  9:40  Marauder  
  131  9:45  Marauder  
  131  9:47  Ghost Academy, Barracks  
  131  9:50  Barracks, Widow Mine  
  133  10:04  Refinery  
  133  10:05  Refinery  
  133  10:15  Supply Depot x2  
  133  10:16  Supply Depot  
  133  10:17  Supply Depot x2  
  133  10:25  Marine x2  
  133  10:26  Marine  
  133  10:28  Marauder  
  133  10:30  Marine  
  133  10:32  Widow Mine, Marauder  
  133  10:34  Marauder  
  126  10:39  Marine x2  
  120  10:43  Marine x2  
  120  10:46  Widow Mine  
  121  10:53  Marauder  
  121  10:54  Marine x2  
  121  10:55  Marine  
  121  10:56  Marauder  
  128  11:00  Widow Mine  
  130  11:04  Marine x3  
  130  11:05  Barracks Tech Lab  
  133  11:12  Ghost  
  133  11:14  Ghost  
  133  11:15  Widow Mine  
  133  11:17  Ghost  
  141  11:22  Marine x2  
  143  11:29  Widow Mine  
  144  11:33  Marine x2  
  144  11:34  Barracks Reactor  
  146  11:43  Widow Mine  
  146  11:56  Marine x4  
Tags
 
Add a new tag
Caveats
  • Supply blocks, unpowered buildings, or Contaminate may cause inaccurate times.
  • Supply counts are checked every 10 seconds.